 Dungeon Crawl Stone Soup version 0.27-a0-686-gaed091b46b (webtiles) character file.

Game seed: 5874591044101628815

28 Gaff the Vandal (level 3, -1/24 HPs)
             Began as a Halfling Hunter on Mar 21, 2021.
             Slain by Terence
             ... wielding a +0 flail
              (6 damage)
             ... on level 2 of the Dungeon.
             The game lasted 00:03:06 (1575 turns).

Gaff the Vandal (Halfling Hunter)                   Turns: 1575, Time: 00:03:07

Health: -1/24      AC:  3    Str: 20    XL:     3   Next: 30%
Magic:  3/3        EV: 14    Int:  9    God:
Gold:   56         SH:  0    Dex: 14    Spells: 2/2 levels left

rFire    . . .     SeeInvis .   b - +0 short sword
rCold    . . .     Faith    .   (shield restricted)
rNeg     . . .     Spirit   .   c - +0 leather armour
rPois    .         Reflect  .   (no helmet)
rElec    .         Harm     .   (no cloak)
rCorr    .         Rampage  .   (no gloves)
Will     .....                  (no boots)
Stlth    ++........             (no amulet)
HPRegen  0.08/turn              h - +6 ring of strength
MPRegen  0.08/turn              (no ring)

@: no status effects
A: small, no large weapons, mutation resistance 1
a: no special abilities


You were on level 2 of the Dungeon.
You visited 1 branch of the dungeon, and saw 2 of its levels.

You collected 56 gold pieces.

Inventory:

Hand Weapons
 a - a +1 hunting sling
 b - a +0 short sword (weapon)
Missiles
 d - 45 sling bullets
 i - 21 stones (quivered)
Armour
 c - a +0 leather armour (worn)
Jewellery
 h - a +6 ring of strength (right hand)
Scrolls
 f - a scroll of identify {unknown}
 g - 2 scrolls of vulnerability {unknown}


   Skills:
 - Level 1.7 Fighting
 * Level 6.8 Slings
 - Level 2.1 Dodging
 + Level 2.1 Stealth


You had 2 spell levels left.
You didn't know any spells.
Your spell library contained the following spells:

 Spells                   Type           Power      Damage    Failure   Level
 Call Canine Familiar     Summ           0%         N/A       82%         3
 Confusing Touch          Hex            0%         N/A       82%         3
 Gell's Gravitas          Tloc           0%         N/A       82%         3
 Summon Guardian Golem    Hex/Summ       0%         N/A       82%         3
 Petrify                  Tmut/Erth      0%         N/A       99%         4
 Summon Ice Beast         Ice/Summ       0%         N/A       99%         4
 Metabolic Englaciation   Hex/Ice        0%         N/A       100%        5
 Yara's Violent Unravell  Hex/Tmut       0%         3d3       100%        5
 Summon Hydra             Summ           0%         N/A       100%        7


Dungeon Overview and Level Annotations

Branches:
Dungeon (2/15)

Altars:

Annotations:
D:2 Terence


Innate Abilities, Weirdness & Mutations

You are small and have problems with some larger weapons.
You are somewhat resistant to further mutation.


Message History

You barely miss Terence.
Terence is heavily wounded.
Terence hits you with a +0 flail!
* * * LOW HITPOINT WARNING * * *
You closely miss Terence.
Terence is heavily wounded.
Terence closely misses you.
You hit Terence but do no damage.
Terence is heavily wounded.
Terence completely misses you.
You closely miss Terence.
Terence is heavily wounded.
Terence misses you.
You hit Terence but do no damage.
Terence is heavily wounded.
Terence barely misses you.
You hit Terence but do no damage.
Terence is heavily wounded.
Terence closely misses you.
You closely miss Terence.
Terence is heavily wounded.
Terence misses you.
You hit Terence but do no damage.
Terence is heavily wounded.
Terence hits you with a +0 flail!
* * * LOW HITPOINT WARNING * * *
It was a potion of heal wounds.
You feel much better. Terence barely misses you.
You hit Terence.
Terence is heavily wounded.
Terence hits you with a +0 flail!
You hit Terence but do no damage.
Terence is heavily wounded.
Terence barely misses you. Terence hits you with a +0 flail!
* * * LOW HITPOINT WARNING * * *
You hit Terence.
Terence is severely wounded.
Terence shouts, "Now you die!" Terence hits you with a +0 flail.
You die...

#......# #.####.#
#######.####.#
#.......(..#.#####
..#####.##.......#
.## #.##...###.####
#.# #......#......#
..## ####.....#@##.#
.#.## ##.#...@##.#
..#.######..#.#..##.#
#...............[##(#
..#....(..8....#.##(#
.........8.8........#
........8._.8....####
.........8.8...###
..........8...
..........


You could see Terence.

Vanquished Creatures
  3 hobgoblins
  4 jackals (D:2)
  2 kobolds
  A ball python (D:2)
  2 bats
  3 frilled lizards
  6 goblins
  7 rats
28 creatures vanquished.

Notes
Turn   | Place    | Note
-------+----------+-------------------------------------------
     0 | D:1      | Gaff the Halfling Hunter began the quest for the Orb.
     0 | D:1      | Reached XP level 1. HP: 14/14 MP: 1/1
   162 | D:1      | Reached skill level 6 in Slings
   295 | D:1      | Reached XP level 2. HP: 19/19 MP: 2/2
  1197 | D:2      | Identified the Papyrus of Calling
  1265 | D:2      | Reached XP level 3. HP: 18/24 MP: 3/3
  1523 | D:2      | Found a faded altar of an unknown god.
  1523 | D:2      | Noticed Terence
  1575 | D:2      | Slain by Terence

Illustrated notes

Levels and vault maps discovered:
D:1:      minmay_arrival_doors, layout_rooms
D:2:      layout_loops_cross, chequers_ecumenical_altar_simple_redux, hex_tiny,
          uniq_terence

Skill      XL: |  1  2 |
---------------+-------+-----
Slings         | 6 |  6.8
Stealth        | 2 |  2.1
Fighting       | |  1.7
Dodging        | |  2.1

Action                   || total
-------------------------++-------
Melee: Short sword       ||    96
 Fire: Hunting sling     ||     2
  Use: Potion            ||     1
Armor: Leather armour    ||    15
Dodge: Dodged            ||    63

Table legend: (Time is in decaauts)
 A = Elapsed time spent in this place.
 B = Non-inter-level travel time spent in this place.
 C = Inter-level travel time spent in this place.
 D = Time resting spent in this place.
 E = Time spent auto-exploring this place.
 F = Levels seen in this place.
 G = Mean time per level.
                   A        B        C        D        E       F      G
               +--------+--------+--------+--------+--------+-----+--------+
         Total |   1578 |   1577 |      1 |    715 |    557 |   2 |  789.0 |
       Dungeon |   1578 |   1577 |      1 |    715 |    557 |   2 |  789.0 |
               +--------+--------+--------+--------+--------+-----+--------+

Top non-repeatable levels by time:
     D:1: 878 daAuts
     D:2: 700 daAuts
